[Event "GambitGuide"]
[Site "Internet Chess Club"]
[Date "2014.10.31"]
[Round "1"]
[White "JSBach"]
[Black "FischerKing"]
[Result "0-1"]
[ICCResult "White checkmated"]
[WhiteElo "1621"]
[BlackElo "1739"]
[Opening "Vienna: `Frankenstein-Dracula' variation"]
[ECO "C27"]
[NIC "VG.02"]
[Time "22:06:47"]
[TimeControl "120+12"]

1. e4 e5 2. Nc3 Nf6 3. Bc4 Nxe4 4. Qh5 Nd6 5. Bb3 Nc6 6. Nb5 g6 7. Qf3 f5 8.
Qd5 Qe7 9. Nxc7+ Kd8 10. Nxa8 b6 11. d3 Nd4 12. h4 Bg7 13. Bg5 Bf6 14. Bxf6
Qxf6 15. O-O-O Bb7 16. Nxb6 axb6 17. Re1 Bxd5 18. Bxd5 Kc7 19. c3 Nc6 20.
Nf3 b5 21. Bxc6 dxc6 22. Nxe5 Re8 23. d4 Nc4 24. Nxc4 Rxe1+ 25. Rxe1 bxc4
26. Rh1 Qd6 27. Kc2 Qf4 28. f3 Qg3 29. Kc1 Qxg2 30. Re1 Kd6 31. a4 Qxf3 32.
h5 g5 33. h6 g4 34. Re5 g3 35. Re1 g2 36. a5 Qf2 37. Kd1 g1=Q 38. Rxg1 Qxg1+
39. Kc2 Qf2+ 40. Kb1 Qe1+ 41. Kc2 Qe2+ 42. Kc1 f4 43. d5 cxd5 44. Kb1 f3 45.
Ka2 Qd1 46. b4 Qb3+ 47. Ka1 f2 48. b5 f1=Q# {White checkmated} 0-1

[Event "GambitGuide"]
[Site "Internet Chess Club"]
[Date "2014.10.31"]
[Round "1"]
[White "JSBach"]
[Black "Heian"]
[Result "0-1"]
[ICCResult "White checkmated"]
[WhiteElo "1621"]
[BlackElo "1552"]
[Opening "Vienna: `Frankenstein-Dracula' variation"]
[ECO "C27"]
[NIC "VG.02"]
[Time "22:08:05"]
[TimeControl "120+12"]

1. e4 e5 2. Nc3 Nf6 3. Bc4 Nxe4 4. Qh5 Nd6 5. Bb3 Nc6 6. Nb5 g6 7. Qf3 f5 8.
Qd5 Qe7 9. Nxc7+ Kd8 10. Nxa8 b6 11. d3 Bb7 12. Nxb6 axb6 13. Qf3 Nd4 14.
Qg3 f4 15. Qg4 Qf6 16. Ba4 b5 17. Bb3 h5 18. Qh3 g5 19. Bd2 g4 20. Ba5+ Kc8
21. c3 gxh3 22. cxd4 hxg2 23. Bd5 Bxd5 24. Rc1+ Bc6 25. Bd8 Kxd8 26. Rxc6
dxc6 27. Kd2 gxh1=Q 28. Ne2 Qg2 29. dxe5 Qxe5 30. Nc3 Qxf2+ 31. Kc1 Qee1+
32. Nd1 Qfd2+ 33. Kb1 Qexd1# {White checkmated} 0-1

[Event "GambitGuide"]
[Site "Internet Chess Club"]
[Date "2014.10.31"]
[Round "1"]
[White "JSBach"]
[Black "DaBigDog"]
[Result "1-0"]
[ICCResult "Black checkmated"]
[WhiteElo "1621"]
[BlackElo "1600"]
[Opening "Vienna: `Frankenstein-Dracula' variation"]
[ECO "C27"]
[NIC "VG.02"]
[Time "22:04:08"]
[TimeControl "120+12"]

1. e4 e5 2. Nc3 Nf6 3. Bc4 Nxe4 4. Qh5 Nd6 5. Bb3 Nc6 6. Nb5 g6 7. Qf3 f5 8.
Qd5 Qe7 9. Nxc7+ Kd8 10. Nxa8 b6 11. d3 Bb7 12. Nxb6 axb6 13. Qf3 Nd4 14.
Qh3 Bg7 15. Be3 g5 16. c3 f4 17. Bxd4 exd4+ 18. Kf1 dxc3 19. Re1 Qf6 20.
bxc3 Qxc3 21. Ne2 Qf6 22. Ba4 Nf5 23. Qh5 Ne3+ 24. Kg1 Nxg2 25. Qg4 Qe7 26.
Rc1 Rf8 27. Qh5 h6 28. Qg6 Re8 29. Qxb6# {Black checkmated} 1-0

[Event "GambitGuide"]
[Site "Internet Chess Club"]
[Date "2014.10.31"]
[Round "1"]
[White "JSBach"]
[Black "Heian"]
[Result "0-1"]
[ICCResult "White checkmated"]
[WhiteElo "1621"]
[BlackElo "1552"]
[Opening "Vienna: `Frankenstein-Dracula' variation"]
[ECO "C27"]
[NIC "VG.02"]
[Time "22:08:46"]
[TimeControl "120+12"]

1. e4 e5 2. Nc3 Nf6 3. Bc4 Nxe4 4. Qh5 Nd6 5. Bb3 Nc6 6. Nb5 g6 7. Qf3 f5 8.
Qd5 Qe7 9. Nxc7+ Kd8 10. Nxa8 b6 11. d3 Bb7 12. Nxb6 axb6 13. Qf3 Nd4 14.
Qg3 f4 15. Qg4 Qf6 16. Ba4 b5 17. Bb3 h6 18. Bd2 h5 19. Qh3 g5 20. Bb4 g4
21. Ba5+ Kc8 22. c3 gxh3 23. cxd4 hxg2 24. Bd5 Bxd5 25. Rc1+ Bc6 26. Bd8
Kxd8 27. Rxc6 dxc6 28. Kd2 gxh1=Q 29. Ne2 Qg2 30. dxe5 Qxe5 31. Nc3 Qxf2+
32. Kc1 Qee1+ 33. Nd1 Qfd2+ 34. Kb1 Qexd1# {White checkmated} 0-1

[Event "GambitGuide"]
[Site "Internet Chess Club"]
[Date "2014.10.31"]
[Round "1"]
[White "JSBach"]
[Black "luckypawns"]
[Result "0-1"]
[ICCResult "White checkmated"]
[WhiteElo "1621"]
[BlackElo "1817"]
[Opening "Vienna: `Frankenstein-Dracula' variation"]
[ECO "C27"]
[NIC "VG.02"]
[Time "22:06:39"]
[TimeControl "120+12"]

1. e4 e5 2. Nc3 Nf6 3. Bc4 Nxe4 4. Qh5 Nd6 5. Bb3 Nc6 6. Nb5 g6 7. Qf3 f5 8.
Qd5 Qe7 9. Nxc7+ Kd8 10. Nxa8 b6 11. d3 Bb7 12. Nxb6 axb6 13. Qf3 Nd4 14.
Qg3 Bg7 15. Bg5 Bf6 16. Bxf6 Qxf6 17. Ba4 b5 18. Bb3 h5 19. f3 g5 20. Nh3 g4
21. fxg4 fxg4 22. Rf1 Qg6 23. Rf2 Qh6 24. Ng1 Re8 25. Qh4+ Kc7 26. Rf6 Qe3+
27. Kf1 N6f5 28. Qxh5 Qf4+ 29. Nf3 gxf3 30. Rxf5 fxg2+ 31. Kg1 Qe3+ 32. Rf2
Rf8 33. Bf7 Bd5 34. c3 Rxf7 35. Qxe5+ Qxe5 36. cxd4 Qxd4 37. Rc1+ Bc6 38.
Rc2 Re7 39. Rc1 Re2 40. Rxc6+ dxc6 41. Kxg2 Qxf2+ 42. Kh3 Qxh2+ 43. Kg4 Qf2
44. b3 Re5 45. a3 Re3 46. Kh5 Rxd3 47. b4 Rg3 48. Kh4 Qh2# {White
checkmated} 0-1

[Event "GambitGuide"]
[Site "Internet Chess Club"]
[Date "2014.10.31"]
[Round "1"]
[White "JSBach"]
[Black "DaBigDog"]
[Result "1-0"]
[ICCResult "Black resigns"]
[WhiteElo "1628"]
[BlackElo "1600"]
[Opening "Vienna: `Frankenstein-Dracula' variation"]
[ECO "C27"]
[NIC "VG.02"]
[Time "22:09:04"]
[TimeControl "120+12"]

1. e4 e5 2. Nc3 Nf6 3. Bc4 Nxe4 4. Qh5 Nd6 5. Bb3 Nc6 6. Nb5 g6 7. Qf3 f5 8.
Qd5 Qe7 9. Nxc7+ Kd8 10. Nxa8 b6 11. d3 Bb7 12. Nxb6 axb6 13. Qf3 Nd4 14.
Qh3 Bg7 15. Be3 f4 16. Bxd4 exd4+ 17. Kf1 Re8 18. Qxh7 Nf5 19. Qxg6 Ne3+ 20.
fxe3 fxe3 21. Qxb6+ Kc8 22. Nf3 e2+ 23. Ke1 {Black resigns} 1-0

[Event "GambitGuide"]
[Site "Internet Chess Club"]
[Date "2014.10.31"]
[Round "1"]
[White "JSBach"]
[Black "losscause"]
[Result "1-0"]
[ICCResult "Black resigns"]
[WhiteElo "1628"]
[BlackElo "1290"]
[Opening "Vienna: `Frankenstein-Dracula' variation"]
[ECO "C27"]
[NIC "VG.02"]
[Time "22:09:12"]
[TimeControl "120+12"]

1. e4 e5 2. Nc3 Nf6 3. Bc4 Nxe4 4. Qh5 Nd6 5. Bb3 Nc6 6. Nb5 g6 7. Qf3 f5 8.
Qd5 Qe7 9. Nxc7+ Kd8 10. Nxa8 b6 11. d3 Bb7 12. Nxb6 axb6 13. Qf3 Nd4 14.
Qg3 Kc8 15. Bg5 Qg7 16. Rc1 f4 17. Qg4 N4f5 18. c4 e4 19. Bxf4 exd3 20. c5
Qxb2 21. cxd6+ Kb8 22. Bc4 d2+ 23. Bxd2 Bh6 24. Bxh6 Re8+ 25. Ne2
{Black resigns}
1-0

[Event "GambitGuide"]
[Site "Internet Chess Club"]
[Date "2014.10.31"]
[Round "1"]
[White "JSBach"]
[Black "Activekids"]
[Result "0-1"]
[ICCResult "White checkmated"]
[WhiteElo "1628"]
[BlackElo "2140"]
[Opening "Vienna: `Frankenstein-Dracula' variation"]
[ECO "C27"]
[NIC "VG.02"]
[Time "22:08:53"]
[TimeControl "120+12"]

1. e4 e5 2. Nc3 Nf6 3. Bc4 Nxe4 4. Qh5 Nd6 5. Bb3 Nc6 6. Nb5 g6 7. Qf3 f5 8.
Qd5 Qe7 9. Nxc7+ Kd8 10. Nxa8 b6 11. d3 Bb7 12. Nxb6 axb6 13. Qf3 Nd4 14.
Qg3 f4 15. Qg4 e4 16. Bxf4 exd3+ 17. Kd1 dxc2+ 18. Bxc2 Bg7 19. Rc1 Re8 20.
Bg5 Bf6 21. Bxf6 Qxf6 22. f3 N6f5 23. Bxf5 Nxf5 24. Qh3 Ne3+ 25. Ke1 Qxb2
26. Ne2 Nf5 27. Rc2 Qxc2 28. Qh4+ Nxh4 29. Kf2 Qxe2+ 30. Kg3 Qxg2+ 31. Kxh4
Bxf3 32. Rc1 g5# {White checkmated} 0-1

[Event "GambitGuide"]
[Site "Internet Chess Club"]
[Date "2014.10.31"]
[Round "1"]
[White "JSBach"]
[Black "Heian"]
[Result "0-1"]
[ICCResult "White checkmated"]
[WhiteElo "1628"]
[BlackElo "1552"]
[Opening "Vienna: `Frankenstein-Dracula' variation"]
[ECO "C27"]
[NIC "VG.02"]
[Time "22:09:37"]
[TimeControl "120+12"]

1. e4 e5 2. Nc3 Nf6 3. Bc4 Nxe4 4. Qh5 Nd6 5. Bb3 Nc6 6. Nb5 g6 7. Qf3 f5 8.
Qd5 Qe7 9. Nxc7+ Kd8 10. Nxa8 b6 11. d3 Bb7 12. Nxb6 axb6 13. Qf3 Nd4 14.
Qg3 f4 15. Qg4 Qf6 16. Ba4 b5 17. Bb3 h5 18. Qh3 g5 19. Bd2 g4 20. Ba5+ Kc8
21. c3 gxh3 22. cxd4 hxg2 23. Bd5 Bxd5 24. Rc1+ Bc6 25. Bd8 Kxd8 26. Rxc6
dxc6 27. Kd2 gxh1=Q 28. Nh3 Qxh2 29. d5 Qxh3 30. dxc6 f3 31. c7+ Kxc7 32. d4
exd4 33. a4 Qf4+ 34. Kc2 Qg2 35. Kb3 Qxf2 36. axb5 Nxb5 37. Ka4 Qc2+ 38. Ka5
Qfd2+ 39. b4 Qxb4+ 40. Ka6 Qca4# {White checkmated} 0-1

[Event "GambitGuide"]
[Site "Internet Chess Club"]
[Date "2014.10.31"]
[Round "1"]
[White "JSBach"]
[Black "Heian"]
[Result "1-0"]
[ICCResult "Black checkmated"]
[WhiteElo "1628"]
[BlackElo "1552"]
[Opening "Vienna: `Frankenstein-Dracula' variation"]
[ECO "C27"]
[NIC "VG.02"]
[Time "22:10:41"]
[TimeControl "120+12"]

1. e4 e5 2. Nc3 Nf6 3. Bc4 Nxe4 4. Qh5 Nd6 5. Bb3 Nc6 6. Nb5 g6 7. Qf3 f5 8.
Qd5 Qe7 9. Nxc7+ Kd8 10. Nxa8 b6 11. d3 Bb7 12. Nxb6 axb6 13. Qf3 Nd4 14.
Qh3 f4 15. Ba4 b5 16. Bb3 Qf6 17. c3 h5 18. cxd4 exd4 19. Nf3 g5 20. Bd2 Be7
21. Rc1 Qg6 22. Ne5 Qf6 23. Qxd7# {Black checkmated} 1-0

[Event "GambitGuide"]
[Site "Internet Chess Club"]
[Date "2014.10.31"]
[Round "1"]
[White "JSBach"]
[Black "Svinotigr"]
[Result "0-1"]
[ICCResult "White checkmated"]
[WhiteElo "1628"]
[BlackElo "1757"]
[Opening "Vienna: `Frankenstein-Dracula' variation"]
[ECO "C27"]
[NIC "VG.02"]
[Time "22:03:50"]
[TimeControl "120+12"]

1. e4 e5 2. Nc3 Nf6 3. Bc4 Nxe4 4. Qh5 Nd6 5. Bb3 Nc6 6. Nb5 g6 7. Qf3 f5 8.
Qd5 Qe7 9. Nxc7+ Kd8 10. Nxa8 b6 11. d3 Bb7 12. Nxb6 axb6 13. Qf3 Nd4 14.
Qg3 Bg7 15. Bg5 Bf6 16. Bxf6 Qxf6 17. Ba4 b5 18. Bb3 g5 19. Nh3 g4 20. Ng1
h5 21. h3 h4 22. Qh2 e4 23. dxe4 Bxe4 24. hxg4 fxg4 25. O-O-O Nc4 26. Bxc4
bxc4 27. Qb8+ Ke7 28. Qb4+ d6 29. Qxc4 Bxg2 30. Qc7+ Kf8 31. Qb8+ Kg7 32.
Qa7+ Kg6 33. Qxd4 Qxd4 34. Rxd4 Bxh1 35. Rxg4+ Kf5 36. Rd4 Ke5 37. Rd3 Bg2
38. Re3+ Kf4 39. Re6 h3 40. Ne2+ Kf3 41. Nd4+ Kxf2 42. Rf6+ Ke3 43. Nf5+ Kf4
44. Nxd6+ Ke5 45. Rh6 Rxh6 46. Nc4+ Kf4 47. a4 h2 48. Kd2 h1=Q 49. b4 Bd5
50. Na5 Qf3 51. Kc1 Qc3 52. Kd1 Rh1+ 53. Ke2 Qe3# {White checkmated} 0-1

[Event "GambitGuide"]
[Site "Internet Chess Club"]
[Date "2014.10.31"]
[Round "1"]
[White "JSBach"]
[Black "FischerKing"]
[Result "1-0"]
[ICCResult "Black resigns"]
[WhiteElo "1628"]
[BlackElo "1739"]
[Opening "Vienna: `Frankenstein-Dracula' variation"]
[ECO "C27"]
[NIC "VG.02"]
[Time "22:09:02"]
[TimeControl "120+12"]

1. e4 e5 2. Nc3 Nf6 3. Bc4 Nxe4 4. Qh5 Nd6 5. Bb3 Nc6 6. Nb5 g6 7. Qf3 f5 8.
Qd5 Qe7 9. Nxc7+ Kd8 10. Nxa8 b6 11. d3 Nd4 12. h4 Bg7 13. Bg5 Bf6 14. Bxf6
Qxf6 15. O-O-O Bb7 16. Nxb6 axb6 17. Re1 Bxd5 18. Bxd5 Kc7 19. c3 Nc6 20.
Nf3 b5 21. Bxc6 dxc6 22. Nxe5 Re8 23. d4 Nc4 24. Nxc4 Rxe1+ 25. Rxe1 bxc4
26. g3 f4 27. a4 fxg3 28. fxg3 Qf2 29. Re7+ Kd6 30. Rg7 Qxg3 31. Rxh7 Kd5
32. a5 Ke4 33. a6 Kd3 34. Kb1 Qe1+ 35. Ka2 Qd1 36. a7 Qa4+ 37. Kb1 Kd2 38.
Re7 Qd1+ 39. Ka2 Qb3+ 40. Ka1 Kc2 41. Re2+ Kc1 42. a8=Q {Black resigns} 1-0

[Event "GambitGuide"]
[Site "Internet Chess Club"]
[Date "2014.10.31"]
[Round "1"]
[White "JSBach"]
[Black "Heian"]
[Result "1-0"]
[ICCResult "Black checkmated"]
[WhiteElo "1635"]
[BlackElo "1552"]
[Opening "Vienna: `Frankenstein-Dracula' variation"]
[ECO "C27"]
[NIC "VG.02"]
[Time "22:11:18"]
[TimeControl "120+12"]

1. e4 e5 2. Nc3 Nf6 3. Bc4 Nxe4 4. Qh5 Nd6 5. Bb3 Nc6 6. Nb5 g6 7. Qf3 f5 8.
Qd5 Qe7 9. Nxc7+ Kd8 10. Nxa8 b6 11. d3 Bb7 12. Nxb6 axb6 13. Qf3 Nd4 14.
Qh3 f4 15. Ba4 b5 16. Bb3 Qf6 17. c3 h5 18. cxd4 g5 19. dxe5 Qxe5+ 20. Ne2
Be7 21. d4 Qe4 22. f3 Qg6 23. O-O Bf6 24. Re1 g4 25. fxg4 hxg4 26. Qc3 f3
27. Nf4 Qf5 28. Bc2 Ne4 29. Bxe4 Bxe4 30. Qe3 d5 31. Bd2 Bg5 32. Ne6+ Qxe6
33. Qxg5+ Kd7 34. Qg7+ Kc6 35. Rac1+ Kb6 36. Qc7+ Ka6 37. Qa5+ Kb7 38. Rc7+
Kb8 39. Qa7# {Black checkmated} 1-0

[Event "GambitGuide"]
[Site "Internet Chess Club"]
[Date "2014.10.31"]
[Round "1"]
[White "JSBach"]
[Black "FischerKing"]
[Result "1-0"]
[ICCResult "Black checkmated"]
[WhiteElo "1635"]
[BlackElo "1739"]
[Opening "Vienna: `Frankenstein-Dracula' variation"]
[ECO "C27"]
[NIC "VG.02"]
[Time "22:12:07"]
[TimeControl "120+12"]

1. e4 e5 2. Nc3 Nf6 3. Bc4 Nxe4 4. Qh5 Nd6 5. Bb3 Nc6 6. Nb5 g6 7. Qf3 f5 8.
Qd5 Qe7 9. Nxc7+ Kd8 10. Nxa8 b6 11. d3 Nd4 12. f4 Bb7 13. Qxe5 Bxa8 14. Kf1
Nc6 15. Qxh8 Nb5 16. Bd2 Kc7 17. Re1 Qc5 18. Re8 Bh6 19. Rxa8 Ncd4 20. Rc8+
Kd6 21. Bb4 Qxb4 22. Qe5# {Black checkmated} 1-0

[Event "GambitGuide"]
[Site "Internet Chess Club"]
[Date "2014.10.31"]
[Round "1"]
[White "JSBach"]
[Black "Heian"]
[Result "0-1"]
[ICCResult "White checkmated"]
[WhiteElo "1635"]
[BlackElo "1552"]
[Opening "Vienna: `Frankenstein-Dracula' variation"]
[ECO "C27"]
[NIC "VG.02"]
[Time "22:12:49"]
[TimeControl "120+12"]

1. e4 e5 2. Nc3 Nf6 3. Bc4 Nxe4 4. Qh5 Nd6 5. Bb3 Nc6 6. Nb5 g6 7. Qf3 f5 8.
Qd5 Qe7 9. Nxc7+ Kd8 10. Nxa8 b6 11. d3 Bb7 12. Nxb6 axb6 13. Qf3 Nd4 14.
Qh3 f4 15. Ba4 b5 16. Bb3 h5 17. Bd2 Qf6 18. Bb4 g5 19. Bc5 g4 20. Bb6+ Kc8
21. c3 gxh3 22. cxd4 hxg2 23. Bd5 Bxd5 24. Rc1+ Bc6 25. Bd8 Kxd8 26. Rxc6
dxc6 27. Kd2 gxh1=Q 28. Nh3 Qxh2 29. d5 Qxh3 30. dxc6 f3 31. c7+ Kxc7 32. d4
exd4 33. a4 Qf4+ 34. Kc2 Qe4+ 35. Kb3 Qd5+ 36. Kc2 Qc4+ 37. Kd1 Qh1+ 38. Kd2
Qhf1 39. axb5 Qfe2# {White checkmated} 0-1

[Event "GambitGuide"]
[Site "Internet Chess Club"]
[Date "2014.10.31"]
[Round "1"]
[White "JSBach"]
[Black "Heian"]
[Result "0-1"]
[ICCResult "White checkmated"]
[WhiteElo "1640"]
[BlackElo "1552"]
[Opening "Vienna: `Frankenstein-Dracula' variation"]
[ECO "C27"]
[NIC "VG.02"]
[Time "22:13:42"]
[TimeControl "120+12"]

1. e4 e5 2. Nc3 Nf6 3. Bc4 Nxe4 4. Qh5 Nd6 5. Bb3 Nc6 6. Nb5 g6 7. Qf3 f5 8.
Qd5 Qe7 9. Nxc7+ Kd8 10. Nxa8 b6 11. d3 Bb7 12. Nxb6 axb6 13. Qf3 Nd4 14.
Qg3 f4 15. Qg4 Qf6 16. Ba4 b5 17. Bb3 h5 18. Qh3 g5 19. Bd2 g4 20. Ba5+ Kc8
21. c3 gxh3 22. cxd4 hxg2 23. Bd5 Bxd5 24. Rc1+ Bc6 25. Bd8 Kxd8 26. Rxc6
dxc6 27. Kd2 gxh1=Q 28. Ne2 Qxh2 29. dxe5 Qxe5 30. d4 Qe4 31. Kd1 Qxf2 32.
b3 Qexe2+ 33. Kc1 Qff1# {White checkmated} 0-1

[Event "GambitGuide"]
[Site "Internet Chess Club"]
[Date "2014.10.31"]
[Round "1"]
[White "JSBach"]
[Black "FischerKing"]
[Result "1-0"]
[ICCResult "Black checkmated"]
[WhiteElo "1640"]
[BlackElo "1739"]
[Opening "Vienna: `Frankenstein-Dracula' variation"]
[ECO "C27"]
[NIC "VG.02"]
[Time "22:14:12"]
[TimeControl "120+12"]

1. e4 e5 2. Nc3 Nf6 3. Bc4 Nxe4 4. Qh5 Nd6 5. Bb3 Nc6 6. Nb5 g6 7. Qf3 f5 8.
Qd5 Qe7 9. Nxc7+ Kd8 10. Nxa8 b6 11. d3 Nd4 12. f4 exf4+ 13. Kd1 Bg7 14.
Bxf4 N6b5 15. Bc4 Bb7 16. Qxb7 g5 17. Qb8# {Black checkmated} 1-0

[Event "GambitGuide"]
[Site "Internet Chess Club"]
[Date "2014.10.31"]
[Round "1"]
[White "JSBach"]
[Black "Heian"]
[Result "0-1"]
[ICCResult "White checkmated"]
[WhiteElo "1640"]
[BlackElo "1552"]
[Opening "Vienna: `Frankenstein-Dracula' variation"]
[ECO "C27"]
[NIC "VG.02"]
[Time "22:14:19"]
[TimeControl "120+12"]

1. e4 e5 2. Nc3 Nf6 3. Bc4 Nxe4 4. Qh5 Nd6 5. Bb3 Nc6 6. Nb5 g6 7. Qf3 f5 8.
Qd5 Qe7 9. Nxc7+ Kd8 10. Nxa8 b6 11. d3 Bb7 12. Nxb6 axb6 13. Qf3 Nd4 14.
Qg3 f4 15. Qg4 Qf6 16. Ba4 b5 17. Bb3 h5 18. Qh3 g5 19. Bd2 g4 20. Ba5+ Kc8
21. c3 gxh3 22. cxd4 hxg2 23. Bd5 Bxd5 24. Rc1+ Bc6 25. Bd8 Kxd8 26. Rxc6
dxc6 27. Kd2 gxh1=Q 28. Ne2 Qxh2 29. dxe5 Qxe5 30. d4 Nc4+ 31. Kd3 Qf5+ 32.
Kc3 Qxf2 33. Kb3 Qe3+ 34. Nc3 Na5# {White checkmated} 0-1

[Event "GambitGuide"]
[Site "Internet Chess Club"]
[Date "2014.10.31"]
[Round "1"]
[White "JSBach"]
[Black "CairnTerrier"]
[Result "1-0"]
[ICCResult "Black checkmated"]
[WhiteElo "1640"]
[BlackElo "1232"]
[Opening "Vienna: `Frankenstein-Dracula' variation"]
[ECO "C27"]
[NIC "VG.02"]
[Time "22:14:20"]
[TimeControl "120+12"]

1. e4 e5 2. Nc3 Nf6 3. Bc4 Nxe4 4. Qh5 Nd6 5. Bb3 Nc6 6. Nb5 g6 7. Qf3 f5 8.
Qd5 Qe7 9. Nxc7+ Kd8 10. Nxa8 b6 11. d3 Nd4 12. h4 Bg7 13. Bg5 Bf6 14. Bxf6
Qxf6 15. O-O-O Bb7 16. Nxb6 Bxd5 17. Nxd5 Qf8 18. Re1 N6b5 19. Rxe5 g5 20.
hxg5 Qg7 21. f4 h6 22. Rh5 hxg5 23. Rxg5 Qh6 24. Bc4 Qh2 25. Ne2 Qh1+ 26.
Kd2 Rh2 27. Rg8# {Black checkmated} 1-0

[Event "GambitGuide"]
[Site "Internet Chess Club"]
[Date "2014.10.31"]
[Round "1"]
[White "JSBach"]
[Black "losscause"]
[Result "1-0"]
[ICCResult "Black resigns"]
[WhiteElo "1640"]
[BlackElo "1290"]
[Opening "Vienna: `Frankenstein-Dracula' variation"]
[ECO "C27"]
[NIC "VG.02"]
[Time "22:13:59"]
[TimeControl "120+12"]

1. e4 e5 2. Nc3 Nf6 3. Bc4 Nxe4 4. Qh5 Nd6 5. Bb3 Nc6 6. Nb5 g6 7. Qf3 f5 8.
Qd5 Qe7 9. Nxc7+ Kd8 10. Nxa8 b6 11. d3 Bb7 12. Nxb6 axb6 13. Qf3 Nd4 14.
Qg3 Qg7 15. Be3 f4 16. Qg4 fxe3 17. fxe3 h5 18. Qg5+ Be7 19. Qg3 N4f5 20.
Qh3 Bh4+ 21. Kd1 Qh6 22. e4 Ne3+ 23. Ke2 Ng4 24. Qxh4+ Nf6 25. Qxf6+
{Black resigns}
1-0

[Event "GambitGuide"]
[Site "Internet Chess Club"]
[Date "2014.10.31"]
[Round "1"]
[White "JSBach"]
[Black "SlippinAway"]
[Result "1/2-1/2"]
[ICCResult "Game drawn by repetition"]
[WhiteElo "1640"]
[BlackElo "2064"]
[Opening "Vienna: `Frankenstein-Dracula' variation"]
[ECO "C27"]
[NIC "VG.02"]
[Time "22:08:43"]
[TimeControl "120+12"]

1. e4 e5 2. Nc3 Nf6 3. Bc4 Nxe4 4. Qh5 Nd6 5. Bb3 Nc6 6. Nb5 g6 7. Qf3 f5 8.
Qd5 Qe7 9. Nxc7+ Kd8 10. Nxa8 b6 11. d3 Bg7 12. Ba4 Bb7 13. Nxb6 axb6 14.
Qb3 Kc7 15. Be3 Nc8 16. Qb5 f4 17. Bd2 Nd4 18. Qc4+ Kb8 19. Bb4 d6 20. f3
Na7 21. Qc3 Rc8 22. Qa3 Nab5 23. Bxd6+ Nxd6 24. c3 Nc6 25. Ne2 Nf5 26. Qxe7
Ncxe7 27. O-O Ne3 28. Rfe1 Bc6 29. Bb3 Bd5 30. c4 Bc6 31. Rac1 N7f5 32. c5
b5 33. Be6 Rc7 34. Nc3 Nd4 35. Bh3 Bd7 36. Bxd7 Rxd7 37. Ne4 Rc7 38. a3 Kb7
39. b4 Kc6 40. Ng5 h6 41. Ne4 Ra7 42. Rc3 Bf8 43. Kf2 Be7 44. Ra1 Ra4 45. g3
g5 46. h3 Nef5 47. g4 Nh4 48. Nd2 Bf6 49. Re1 Ng6 50. Nb3 Nxb3 51. Rxb3 Ne7
52. Rf1 Nd5 53. Rd1 Ne3 54. Rc1 Nd5 55. Kg1 Nc7 56. Rf1 Ra8 57. Rd1 Nd5 58.
Re1 Rh8 59. Re4 h5 60. gxh5 Rxh5 61. Kh2 Ne7 62. Rb2 Nf5 63. Rd2 Nd4 64. Kg2
Nf5 65. Re1 Ne3+ 66. Kh2 Rh7 67. Rf2 Rd7 68. Rd2 Rd4 69. Ra1 Nd5 70. Re1 Nc3
71. Rf1 Na4 72. Rc1 Be7 73. Kg1 Bf6 74. Kg2 Be7 75. Kf2 Bf6 76. Ke2 Be7 77.
Kd1 Bf6 78. Ke1 Rd8 79. Kf2 Rh8 80. Kg2 Rd8 81. Kf2 Rh8 82. Rh1 Rh4 83. Rc2
Rh8 84. Ke1 Rh6 85. Kd2 Rh7 86. Rh2 Re7 87. Re2 Rd7 88. Re1 Rh7 89. Rh1 Bd8
90. Rh2 Bf6 91. Rh1 Be7 92. Re1 Bf6 93. Rh1 Be7 94. Re1 Bf6 95. Rh1 Be7 96.
Rcc1 Bf6 97. Rc2 Be7 98. Re1 Bf6 99. Rh1 Be7 100. Re1 Bf6 101. Rh1
{Game drawn by repetition}
1/2-1/2

[Event "GambitGuide"]
[Site "Internet Chess Club"]
[Date "2014.10.31"]
[Round "1"]
[White "JSBach"]
[Black "Heian"]
[Result "1-0"]
[ICCResult "Black resigns"]
[WhiteElo "1640"]
[BlackElo "1552"]
[Opening "Vienna: `Frankenstein-Dracula' variation"]
[ECO "C27"]
[NIC "VG.02"]
[Time "22:15:01"]
[TimeControl "120+12"]

1. e4 e5 2. Nc3 Nf6 3. Bc4 Nxe4 4. Qh5 Nd6 5. Bb3 Nc6 6. Nb5 g6 7. Qf3 f5 8.
Qd5 Qe7 9. Nxc7+ Kd8 10. Nxa8 b6 11. d3 Bb7 12. Nxb6 axb6 13. Qf3 Nd4 14.
Qh3 f4 15. Ba4 b5 16. Bb3 Qf6 17. Qg4 h5 18. Qh3 g5 19. Bd2 g4 20. Ba5+ Kc8
21. c3 g3 22. cxd4 gxf2+ 23. Kxf2 exd4 24. Rc1+ Bc6 25. Rxc6+ {Black
resigns} 1-0

[Event "GambitGuide"]
[Site "Internet Chess Club"]
[Date "2014.10.31"]
[Round "1"]
[White "JSBach"]
[Black "losscause"]
[Result "1-0"]
[ICCResult "Black resigns"]
[WhiteElo "1640"]
[BlackElo "1290"]
[Opening "Vienna: `Frankenstein-Dracula' variation"]
[ECO "C27"]
[NIC "VG.02"]
[Time "22:16:07"]
[TimeControl "120+12"]

1. e4 e5 2. Nc3 Nf6 3. Bc4 Nxe4 4. Qh5 Nd6 5. Bb3 Nc6 6. Nb5 g6 7. Qf3 f5 8.
Qd5 Qe7 9. Nxc7+ Kd8 10. Nxa8 b6 11. d3 Bb7 12. Nxb6 axb6 13. Qf3 Qg7 14.
Bd5 {Black resigns} 1-0

[Event "GambitGuide"]
[Site "Internet Chess Club"]
[Date "2014.10.31"]
[Round "1"]
[White "JSBach"]
[Black "DaBigDog"]
[Result "1/2-1/2"]
[ICCResult "Game drawn by repetition"]
[WhiteElo "1640"]
[BlackElo "1600"]
[Opening "Vienna: `Frankenstein-Dracula' variation"]
[ECO "C27"]
[NIC "VG.02"]
[Time "22:12:01"]
[TimeControl "120+12"]

1. e4 e5 2. Nc3 Nf6 3. Bc4 Nxe4 4. Qh5 Nd6 5. Bb3 Nc6 6. Nb5 g6 7. Qf3 f5 8.
Qd5 Qe7 9. Nxc7+ Kd8 10. Nxa8 b6 11. d3 Bb7 12. Nxb6 axb6 13. Qf3 Nd4 14.
Qg3 Bg7 15. Bg5 Bf6 16. Bxf6 Qxf6 17. Ba4 Re8 18. c3 b5 19. Bb3 f4 20. Qh3
e4 21. cxd4 exd3+ 22. Kf1 Qxd4 23. Qh4+ Kc7 24. Rc1+ Kb8 25. Qg4 d2 26. Rd1
Qd3+ 27. Ne2 f3 28. gxf3 Qxe2+ 29. Kg2 Nf5 30. Qf4+ d6 31. Rxd2 Ne3+ 32.
Qxe3 Rxe3 33. Rxe2 Rxe2 34. Rd1 Kc7 35. Rc1+ Kb6 36. Rc2 Rxc2 37. Bxc2 Kc5
38. a4 b4 39. Kg3 Bd5 40. Be4 Bb3 41. f4 Bxa4 42. f5 gxf5 43. Bxf5 h6 44. f4
Kd4 45. Be6 Bc2 46. f5 Ke5 47. Kg4 Kf6 48. Kf4 Bb1 49. Bd7 Bc2 50. h4 Bb1
51. h5 Bc2 52. Kg4 Bd1+ 53. Kh4 Bc2 54. Kg4 Bd1+ 55. Kh4 Bc2 56. Kg4 Bd1+
57. Kh4 Bc2 58. Kg4 {Game drawn by repetition} 1/2-1/2

[Event "GambitGuide"]
[Site "Internet Chess Club"]
[Date "2014.10.31"]
[Round "1"]
[White "JSBach"]
[Black "losscause"]
[Result "1-0"]
[ICCResult "Black resigns"]
[WhiteElo "1640"]
[BlackElo "1290"]
[Opening "Vienna: `Frankenstein-Dracula' variation"]
[ECO "C27"]
[NIC "VG.02"]
[Time "22:16:22"]
[TimeControl "120+12"]

1. e4 e5 2. Nc3 Nf6 3. Bc4 Nxe4 4. Qh5 Nd6 5. Bb3 Nc6 6. Nb5 g6 7. Qf3 f5 8.
Qd5 Qe7 9. Nxc7+ Kd8 10. Nxa8 b6 11. d3 Bb7 12. Nxb6 axb6 13. Qf3 Nd4 14.
Qh3 Qg7 15. Be3 f4 16. Bxd4 exd4 17. Ne2 Qe5 18. Qg4 g5 19. h4 f3 20. gxf3
Be7 21. hxg5 {Black resigns} 1-0

[Event "GambitGuide"]
[Site "Internet Chess Club"]
[Date "2014.10.31"]
[Round "1"]
[White "JSBach"]
[Black "SlippinAway"]
[Result "1-0"]
[ICCResult "Black resigns"]
[WhiteElo "1640"]
[BlackElo "2064"]
[Opening "Vienna: `Frankenstein-Dracula' variation"]
[ECO "C27"]
[NIC "VG.02"]
[Time "22:15:30"]
[TimeControl "120+12"]

1. e4 e5 2. Nc3 Nf6 3. Bc4 Nxe4 4. Qh5 Nd6 5. Bb3 Nc6 6. Nb5 g6 7. Qf3 f5 8.
Qd5 Qe7 9. Nxc7+ Kd8 10. Nxa8 b6 11. d3 Bg7 12. Nh3 h6 13. Ba4 Bb7 14. Nxb6
axb6 15. Qb3 Kc7 16. O-O f4 17. Re1 g5 18. Bd2 Nf5 19. Rad1 Nfd4 20. Qd5 Re8
21. Qc4 Qf8 22. c3 Ne6 23. Qd5 g4 24. Nxf4 exf4 25. Qh5 g3 26. fxg3 fxg3 27.
hxg3 Qg8 28. Qd5 Bf8 29. Bf4+ Nxf4 30. Qxg8 {Black resigns} 1-0